 Dungeon Crawl Stone Soup version 0.26.1-11-gd32895ea62 (webtiles) character file.

Game seed: 13587967245323939486

2642 boopmooplesden the Cruncher (level 9, -4/79 HPs)
             Began as a Minotaur Gladiator on July 12, 2021.
             Was a Believer of Okawaru.
             Slain by a sky beast (5 damage)
             ... on level 7 of the Dungeon.
             The game lasted 00:13:53 (7865 turns).

boopmooplesden the Cruncher (Minotaur Gladiator)    Turns: 7865, Time: 00:13:53

Health: -4/79      AC:  6    Str: 27    XL:     9   Next: 35%
Magic:  6/8        EV: 18    Int:  5    God:    Okawaru [**....]
Gold:   339        SH:  0    Dex: 13    Spells: 8/8 levels left

rFire    . . .     SeeInvis .   a - +0 quarterstaff
rCold    . . .     Faith    .   (shield currently unavailable)
rNeg     . . .     Spirit   .   b - +0 leather armour
rPois    .         Reflect  .   c - +1 hat
rElec    .         Harm     .   w - +0 cloak
rCorr    .         Rampage  .   (no gloves)
Will     .....                  (no boots)
Stlth    ++++......             (no amulet)
HPRegen  0.23/turn              B - +6 ring of strength
MPRegen  0.11/turn              (no ring)

@: lethally poisoned (-4 -> -12), heroism
A: retaliatory headbutt, horns 2
a: Renounce Religion, Heroism


You were on level 7 of the Dungeon.
You worshipped Okawaru.
Okawaru was pleased with you.
You visited 1 branch of the dungeon, and saw 7 of its levels.

You collected 339 gold pieces.

Inventory:

Hand Weapons
 a - a +0 quarterstaff (weapon)
 t - a +0 quarterstaff
 A - a +1 whip of flaming
 C - a +2 whip of venom
Missiles
 D - 16 arrows
 E - 22 poisoned darts
 G - 2 throwing nets (quivered)
Armour
 b - a +0 leather armour (worn)
 c - a +1 hat (worn)
 m - a +0 hat
 v - a +0 chain mail
 w - a +0 cloak (worn)
 y - a +0 tower shield
Jewellery
 B - a +6 ring of strength (left hand)
 F - an uncursed amulet of guardian spirit {unknown}
Wands
 u - a wand of disintegration (34)
Scrolls
 e - 3 scrolls of magic mapping
 f - a scroll of enchant armour
 g - 5 scrolls of teleportation
 h - 10 scrolls of identify
 i - 2 scrolls of fear
 o - 5 scrolls of remove curse
 r - a scroll of fog {unknown}
Potions
 d - a potion of haste {unknown}
 j - 2 potions of attraction {unknown}
 k - a potion of ambrosia {unknown}
 l - 2 potions of heal wounds {unknown}
 n - 2 potions of brilliance {unknown}
 p - a potion of lignification {unknown}
 q - 3 potions of curing
 s - a potion of might {unknown}
 x - 2 potions of flight {unknown}
 z - 2 potions of berserk rage {unknown}


   Skills:
 + Level 7.1(12.1) Fighting
 + Level 10.6(15.6) Staves
 + Level 2.5(7.5) Throwing
 + Level 5.3(10.3) Armour
 + Level 6.1(11.1) Dodging
 + Level 3.1(8.1) Stealth


You had 8 spell levels left.
You didn't know any spells.
Your spell library was empty.

Dungeon Overview and Level Annotations

Branches:
Dungeon (7/15)             Temple (0/1) D:7

Altars:
Dithmenos
Nemelex Xobeh
Okawaru
Qazlal

Shops:
D:4 [   D:6 }!!:


Innate Abilities, Weirdness & Mutations

You reflexively headbutt those who attack you in melee.
You have a pair of horns on your head.


Message History

You barely miss the killer bee. You headbutt the killer bee!
You kill the killer bee!
Okawaru accepts your kill.
* * * LOW HITPOINT WARNING * * *
You feel sick. The killer bee completely misses you. You furiously retaliate!
You headbutt the killer bee!
You kill the killer bee!
Okawaru accepts your kill.
Your base Armour skill increases to level 5!
* * * LOW HITPOINT WARNING * * *
You feel sick.
You barely miss the sky beast. You headbutt the sky beast.
The sky beast is lightly wounded.
* * * LOW HITPOINT WARNING * * *
You feel sick.
The sky beast flickers out of sight!
Deactivating autopickup; reactivate with Ctrl-A.
Something hits you.
* * * LOW HITPOINT WARNING * * *
Something shocks you.
You die...

##'##...#......##)######+#######
#..######........))............#
#...'...#......................#
#...#...#......................#
#..##...#......................#
#..##...###....#########'######
#.........#....#..........#
'...>.....#...<#..........#
###########....#@......(..#
...............{.......(..#
...............#########(###
.......................(((.#
.........................(.#
######...................†.#
.....#...................).#####
.....#.....#############.())...#
..>..'.....#....#......'.......#.


There were no monsters in sight!

Vanquished Creatures
  Pikel (D:4)
  A sky beast (D:6)
  2 ogres
  2 phantoms
  A big kobold (D:7)
  2 bullfrogs
  A gnoll sergeant (D:5)
  3 scorpions
  5 killer bees (D:7)
  A howler monkey (D:6)
  3 wights (D:6)
  A quasit (D:7)
  A gnoll shaman (D:7)
  A hound (D:6)
  2 orc priests
  A bullfrog zombie (D:6)
  4 iguanas
  4 worker ants
  7 orc wizards
  A hound skeleton (D:7)
  A howler monkey skeleton (D:6)
  14 gnolls
  6 adders
  4 shadow imps
  3 white imps (D:5)
  An ufetubus (D:5)
  An ooze (D:1)
  An adder skeleton (D:7)
  2 worms
  3 leopard geckos
  15 orcs
  6 giant cockroaches
  9 goblins
  11 hobgoblins
  9 jackals
  13 kobolds
  4 quokkas
  12 bats
  5 frilled lizards
  A giant cockroach zombie (D:5)
  A jackal skeleton (D:4)
  A quokka zombie (D:5)
  4 rats
171 creatures vanquished.

Notes
Turn   | Place    | Note
-------+----------+-------------------------------------------
     0 | D:1      | boopmooplesden the Minotaur Gladiator began the quest for
                  | the Orb.
     0 | D:1      | Reached XP level 1. HP: 18/18 MP: 0/0
   146 | D:1      | Reached skill level 4 in Staves
   192 | D:1      | Reached XP level 2. HP: 25/25 MP: 1/1
   758 | D:1      | Reached XP level 3. HP: 30/30 MP: 2/2
  1455 | D:2      | Reached skill level 1 in Armour
  1490 | D:2      | Reached XP level 4. HP: 30/38 MP: 3/3
  2030 | D:3      | You fall into a shaft and drop 2 floors!
  2030 | D:5      | Entered Level 5 of the Dungeon
  2100 | D:4      | Reached skill level 5 in Staves
  2100 | D:4      | Reached XP level 5. HP: 34/45 MP: 4/4
  2587 | D:4      | Noticed an ogre
  2594 | D:4      | Killed an ogre
  2595 | D:4      | Reached skill level 6 in Staves
  2595 | D:4      | Reached XP level 6. HP: 52/52 MP: 5/5
  3421 | D:4      | Found Paycwog's Armour Boutique.
  3424 | D:4      | Noticed Pikel
  3441 | D:4      | Killed Pikel
  3442 | D:4      | Reached skill level 7 in Staves
  3442 | D:4      | Reached skill level 1 in Stealth
  3442 | D:4      | Reached XP level 7. HP: 32/60 MP: 6/6
  4192 | D:5      | Reached skill level 5 in Dodging
  4688 | D:5      | Found a stormy altar of Qazlal.
  4688 | D:5      | Found a sparkling altar of Nemelex Xobeh.
  4688 | D:5      | Found a shadowy altar of Dithmenos.
  4835 | D:5      | Found an iron altar of Okawaru.
  4851 | D:5      | Became a worshipper of Warmaster Okawaru
  5100 | D:5      | Reached skill level 5 in Fighting
  5100 | D:5      | Reached XP level 8. HP: 60/68 MP: 7/7
  5535 | D:5      | Reached skill level 8 in Staves
  6065 | D:6      | Found Wess's Gadget Shop.
  6293 | D:6      | Reached skill level 9 in Staves
  6360 | D:6      | Reached * piety under Okawaru
  6445 | D:6      | Found Ifizun's Distillery.
  6894 | D:6      | Found Hytzafu's Book Shop.
  7057 | D:6      | Found Pirour's Distillery.
  7318 | D:7      | Reached XP level 9. HP: 70/78 MP: 8/8
  7341 | D:7      | Found a staircase to the Ecumenical Temple.
  7373 | D:7      | Reached skill level 10 in Staves
  7437 | D:7      | Reached ** piety under Okawaru
  7864 | D:7      | Reached skill level 5 in Armour
  7865 | D:7      | HP: 3/79 [poisoned by a killer bee]
  7865 | D:7      | HP: 1/79 [something (2)]
  7865 | D:7      | Slain by a sky beast

Illustrated notes

Levels and vault maps discovered:
D:1:      psy_arrival_radial01, layout_loops_cross, chequers_avenue,
          feat_on_display
D:2:      layout_loops_ring
D:3:      layout_loops_ring
D:4:      layout_rooms, serial_co_window_serial, co_window_corner_a,
          co_window_of_opportunity_a, co_window_of_opportunity_a,
          co_window_cross_1, co_window_of_opportunity_a,
          co_window_of_opportunity_a, co_window_paths_b, co_window_2corner,
          co_window_broadway_a, co_window_unsneaky_path_b, glass_columns_a,
          glass_columns_a, serial_shops, kennysheep_mini, uniq_pikel
D:5:      layout_basic, okawaru_ov_weapons_minmay,
          gammafunk_temple_overflow_claw
D:6:      layout_gridville, serial_shops, shop, shop, shop, nicolae_shop_crystal
D:7:      layout_gridville, minmay_temple_entry_hall,
          nicolae_ossuary_entry_monument

Skill      XL: |  1  2  3  4  5  6  7  8  9 |
---------------+----------------------------+-----
Staves         | 4 5 6 7 9 10 | 10.6
Dodging        | 4 5 6 |  6.1
Fighting       | 3 4 5 6 7 |  7.1
Armour         | 1 2 3 4 5 |  5.3
Stealth        | 1 2 3 |  3.1
Throwing       | |  2.5

Action                   |  1- 3 |  4- 6 |  7- 9 || total
-------------------------+-------+-------+-------++-------
Melee: Quarterstaff      |    66 |   115 |   257 ||   438
       Headbutt          |    10 |    19 |    61 ||    90
Throw: Throwing net      |       |     5 |     2 ||     7
Invok: Heroism           |       |       |     1 ||     1
  Use: Scroll            |       |       |     9 ||     9
       Potion            |       |       |     1 ||     1
 Stab: Held in net/web   |       |     2 |     1 ||     3
       Distracted        |       |     1 |     1 ||     2
       Sleeping          |       |       |     2 ||     2
Armor: Leather armour    |    14 |    18 |    57 ||    89
Dodge: Dodged            |    63 |    85 |   207 ||   355
